 Dungeon Sprint DCSS version 0.30-a0-824-g6c64550be9 (webtiles) character file.

Game seed: 11683817111254145512

2100000 BigDaddyOpFi the Unseen (level 16, -35/126 HPs)
             Began as a Djinni Earth Elementalist on Feb 27, 2023.
             Was a Priest of Makhleb.
             Annihilated by a meat berserker
             ... wielding a +9 battleaxe
              (90 damage)
             ... in the Dungeon (Sprint VIII: "Arena of Blood").
             The game lasted 00:00:24 (21 turns).

BigDaddyOpFi the Unseen (Djinni Earth Elementalist)   Turns: 21, Time: 00:00:25

Health: -35/126    AC:  3    Str:  7    XL:     16   Next: 19%
Gold:   0          EV: 25    Int: 18    God:    Makhleb [***...] SH:  0 Dex: 21

rFire   + + .      SeeInvis .    g - +∞ Axe of Woe
rCold   x . .      Faith    .    (shield currently unavailable)
rNeg    . . .      Spirit   .    a - +0 robe
rPois   ∞          Reflect  .    (no helmet)
rElec   .          Harm     .    (no cloak)
rCorr   .          Rampage  .    (no gloves)
Will    +....      NoTele   +    (boots unavailable)
Stlth   +++++++                  (no amulet)
HPRegen 0.41/turn                (no ring)
MPRegen 0.00/turn                (no ring)

@: flying
A: sickness immunity, fire resistance 2, cold vulnerability 1, float, innate
caster, HP casting, extra vitality 1
a: Renounce Religion, Minor Destruction, Lesser Servant of Makhleb


You were in the Dungeon.
You worshipped Makhleb.
Makhleb was most pleased with you.
You visited 1 branch

Inventory:

Hand Weapons
 g - the +∞ Axe of Woe (weapon)
   (You found it in the Dungeon)
Armour
 a - a +0 robe (worn)
Scrolls
 f - a scroll of blinking
Potions
 b - a potion of curing
 c - a potion of heal wounds
 d - a potion of haste
 e - a potion of berserk rage


   Skills:
 + Level 15.0 Fighting
 * Level 17.6 Axes
 + Level 15.0 Armour
 + Level 16.4 Dodging
 * Level 19.1 Stealth
 + Level 15.0 Unarmed Combat
 + Level 12.0 Spellcasting
 + Level 15.0 Invocations


You knew the following spells:

 Your Spells              Type           Power      Damage    Failure   Level
a - Sandblast             Erth           100%       2d20      1%          1
b - Passwall              Tmut/Erth      44%        N/A       1%          2
c - Stone Arrow           Conj/Erth      100%       3d13      1%          3
d - Petrify               Tmut/Erth      53%        N/A       1%          4
e - Sting                 Tmut/Pois      100%       1d8       1%          1
f - Momentum Strike       Conj/Tloc      100%       3d10      1%          2
g - Ozocubu's Armour      Ice            53%        N/A       1%          3
h - Tukima's Dance        Hex            53%        N/A       1%          3
i - Leda's Liquefaction   Hex/Erth       26%        N/A       1%          4
j - Alistair's Intoxicat  Tmut/Pois      35%        N/A       1%          5
k - Conjure Ball Lightni  Conj/Air       26%        3x3d7     7%          6
Your spell library was empty.

Dungeon Overview and Level Annotations

Branches:
Dungeon (1/1)

Altars:
Makhleb


Innate Abilities, Weirdness & Mutations

You are immune to sickness and miasma.
You are immune to poison.
Your flesh is very heat resistant. (rF++)
You are vulnerable to cold. (rC-)
You float through the air rather than walking.
You learn spells naturally, not from books.
Your magical power is your life essence.
You have superior vitality. (+4 MHP)


Message History

Your Dodging skill increases to level 15!
Your Spellcasting skill increases to level 11!
Unknown command.
You slice the meat berserker!!
You hew the meat berserker savagely.
You kill the meat berserker!
Makhleb accepts your kill.
You can now summon a lesser servant of Makhleb.
You hear a shout! x3
Your Fighting skill increases to level 14!
Your Axes skill increases to level 17!
Your Armour skill increases to level 14!
Your Dodging skill increases to level 16!
Your Stealth skill increases to level 18!
Your Unarmed Combat skill increases to level 14!
Your Invocations skill increases to level 14!
Unknown command.
You hear a shout! x8
A bag of meat comes into view. It is wielding a +9 war axe.
You hear a shout! x5; You hear two shouts!
You hit the bag of meat but do no damage.
You pulverise the bag of meat into a thin bloody mist.
You kill the bag of meat!
Makhleb accepts your kill.
You hear a shout! x4
The meat berserker rages.
You hear a shout! x2
A bag of meat comes into view. It is wielding a +9 war axe.
Your Fighting skill increases to level 15!
Your Armour skill increases to level 15!
Your Stealth skill increases to level 19!
Your Unarmed Combat skill increases to level 15!
Your Spellcasting skill increases to level 12!
Your Invocations skill increases to level 15!
You have reached level 16!
You feel clever.
Unknown command.
You hear a shout! x9
The meat berserker hits you with a +9 battleaxe!!!!
Ouch! That really hurt!
You die...

.. ..... #.
...# #.. ...# .
.###.. ...###..
......###......
......_.....
#..)..# #_O@)_#
#.oo.O#
......_.....
.....o###......
.###.. ...###..
#.. .o.# . #.
..o# .. .....


You could see 2 meat berserkers and 5 bags of meat.

Vanquished Creatures
  3 ogres (D)
  6 orcs (D)
9 creatures vanquished.

Notes
Turn   | Place    | Note
-------+----------+-------------------------------------------
     0 | D        | Found the +∞ Axe of Woe
     0 | D        | BigDaddyOpFi the Djinni Earth Elementalist began the quest
                  | for the Orb.
     0 | D        | BigDaddyOpFi set off with the following spells memorised:
                  | Sandblast, Passwall, Stone Arrow, Petrify.
     0 | D        | Reached XP level 1. HP: 15/15 MP: 0/0
     3 | D        | Noticed a bag of meat
     4 | D        | Became a worshipper of Makhleb the Destroyer
     6 | D        | Noticed a bag of meat
     7 | D        | Noticed a bag of meat
     7 | D        | Noticed a bag of meat
    10 | D        | Killed a bag of meat
    10 | D        | Noticed a meat berserker
    11 | D        | Reached skill level 10 in Axes
    11 | D        | Reached skill level 11 in Stealth
    11 | D        | Reached XP level 2. HP: 33/33 MP: 0/0
    11 | D        | Reached XP level 3. HP: 38/38 MP: 0/0
    11 | D        | Learned a level 1 spell: Sting
    11 | D        | Reached XP level 4. HP: 44/44 MP: 0/0
    11 | D        | Reached XP level 5. HP: 49/49 MP: 0/0
    11 | D        | Learned a level 2 spell: Momentum Strike
    11 | D        | Reached XP level 6. HP: 55/55 MP: 0/0
    11 | D        | Reached XP level 7. HP: 60/60 MP: 0/0
    11 | D        | Learned a level 3 spell: Ozocubu's Armour
    11 | D        | Reached XP level 8. HP: 66/66 MP: 0/0
    11 | D        | Reached XP level 9. HP: 71/71 MP: 0/0
    11 | D        | Learned a level 3 spell: Tukima's Dance
    11 | D        | Reached XP level 10. HP: 77/77 MP: 0/0
    11 | D        | Reached XP level 11. HP: 82/82 MP: 0/0
    11 | D        | Learned a level 4 spell: Leda's Liquefaction
    11 | D        | Killed a bag of meat
    11 | D        | Reached * piety under Makhleb
    12 | D        | Reached skill level 10 in Dodging
    12 | D        | Reached skill level 12 in Stealth
    12 | D        | Reached XP level 12. HP: 13/91 MP: 0/0
    12 | D        | Killed a meat berserker
    12 | D        | Noticed a bag of meat
    12 | D        | HP: 1/91 [bag of meat/+9 war axe (13)]
    13 | D        | Reached skill level 14 in Stealth
    13 | D        | Reached XP level 13. HP: 1/99 MP: 0/0
    13 | D        | Learned a level 5 spell: Alistair's Intoxication
    13 | D        | Noticed a meat berserker
    13 | D        | Killed a bag of meat
    13 | D        | Killed a bag of meat
    13 | D        | Reached ** piety under Makhleb
    13 | D        | Noticed a bag of meat
    13 | D        | Noticed a meat berserker
    14 | D        | Reached skill level 16 in Stealth
    14 | D        | Reached skill level 10 in Spellcasting
    14 | D        | Reached XP level 14. HP: 33/108 MP: 0/0
    14 | D        | Noticed a bag of meat
    15 | D        | Noticed a bag of meat
    15 | D        | Noticed a bag of meat
    16 | D        | Killed a meat berserker
    17 | D        | Reached skill level 15 in Axes
    17 | D        | Reached skill level 17 in Stealth
    17 | D        | Reached XP level 15. HP: 85/115 MP: 0/0
    17 | D        | Learned a level 6 spell: Conjure Ball Lightning
    17 | D        | Noticed a meat berserker
    17 | D        | Noticed a meat berserker
    18 | D        | Reached skill level 15 in Dodging
    18 | D        | Killed a meat berserker
    18 | D        | Reached *** piety under Makhleb
    19 | D        | Reached skill level 18 in Stealth
    21 | D        | Reached skill level 15 in Fighting
    21 | D        | Reached skill level 15 in Armour
    21 | D        | Reached skill level 19 in Stealth
    21 | D        | Reached skill level 15 in Unarmed Combat
    21 | D        | Reached skill level 15 in Invocations
    21 | D        | Reached XP level 16. HP: 55/126 MP: 0/0
    21 | D        | Annihilated by a meat berserker

Illustrated notes

Levels and vault maps discovered:
D:        meatsprint

Skill      XL: |  1  2  3  4  5  6  7  8  9 10 11 12 13 14 15 |
---------------+----------------------------------------------+-----
Fighting       | 8 9 11 12 13 15 | 15.0
Axes           | 10 11 13 14 15 17 | 17.6
Armour         | 8 9 11 12 13 15 | 15.0
Dodging        | 9 10 12 13 14 16 | 16.4
Stealth        | 11 12 14 16 17 19 | 19.1
Unarmed Combat | 8 9 11 12 13 15 | 15.0
Spellcasting   | 6 8 9 10 12 | 12.0
Invocations    | 8 9 11 12 13 15 | 15.0

Action                     |  1- 3 |  4- 6 |  7- 9 | 10-12 | 13-15 | 16-18 || total
---------------------------+-------+-------+-------+-------+-------+-------++-------
  Melee: Executioner's axe |     1 |       |       |     2 |     5 |       ||     8

Table legend: (Time is in decaauts)
 A = Elapsed time spent in this place.
 B = Non-inter-level travel time spent in this place.
 C = Inter-level travel time spent in this place.
 D = Time resting spent in this place.
 E = Time spent auto-exploring this place.
 F = Levels seen in this place.
 G = Mean time per level.
                   A        B        C        D        E       F      G
               +--------+--------+--------+--------+--------+-----+--------+
         Total |     22 |     22 |      0 |      0 |      0 |   1 |   22.0 |
       Dungeon |     22 |     22 |      0 |      0 |      0 |   1 |   22.0 |
               +--------+--------+--------+--------+--------+-----+--------+

Top non-repeatable levels by time:
       D: 22 daAuts
